 Dungeon Crawl Stone Soup version 0.20.1-1-g8b1a95d (webtiles) character file.

189 Knicklaso the Skirmisher (level 5, -13/54 HPs)
             Began as an Ogre Warper on July 23, 2017.
             Killed by divine providence
             ... invoked by an orc priest
              (15 damage)
             ... on level 2 of the Dungeon.
             The game lasted 00:09:15 (1939 turns).

Knicklaso the Skirmisher (Ogre Warper)              Turns: 1939, Time: 00:09:18

Health: -13/54     AC: 10    Str: 16    XL:     5   Next: 68%
Magic:  8/10       EV: 10    Int: 14    God:
Gold:   67         SH:  0    Dex:  8    Spells: 6/10 levels left

rFire    . . .     SeeInvis .   g - +2 mace (protect)
rCold    . . .     Gourm    .   (no shield)
rNeg     . . .     Faith    .   b - +0 robe
rPois    .         Spirit   .   (helmet restricted)
rElec    .         Reflect  .   (no cloak)
rCorr    .         Harm     .   (gloves unavailable)
MR       .....                  (boots unavailable)
Stlth    +.........             (no amulet)
Regen    0.2/turn               (no ring)
MPRegen  0.2/turn               (no ring)

@: shrouded, protection aura
A: unfitting armour, tough skin 1
a: no special abilities


You were on level 2 of the Dungeon.
You were very hungry.

You visited 1 branch of the dungeon, and saw 3 of its levels.

You collected 67 gold pieces.

Inventory:

Hand Weapons
 g - a +2 mace of protection (weapon)
Missiles
 e - 5 tomahawks of dispersal
 j - 81 stones (quivered)
Armour
 b - a +0 robe (worn)
Magical Staves
 s - an uncursed staff of power {unknown}
Jewellery
 h - a cursed ring of teleportation {unknown}
 t - a +3 ring of dexterity {unknown}
Wands
 d - a wand of paralysis (12/24)
Scrolls
 l - 2 scrolls of teleportation {unknown}
 n - 3 scrolls of identify {unknown}
 o - a scroll of noise {unknown}
 v - a scroll of remove curse {unknown}
Potions
 i - 4 potions of curing {unknown}
 m - a potion of degeneration {unknown}
 p - 3 potions of heal wounds {unknown}
 q - a potion of berserk rage {unknown}
 r - 2 potions of lignification {unknown}
 u - a potion of resistance {unknown}
Books
 c - a book of Spatial Translocations

   Spells                             Type                      Level
   a - Blink                          Translocation                2
   b - Shroud of Golubria             Charms/Translocation         2
   c - Lesser Beckoning               Translocation                3
   d - Gell's Gravitas                Translocation                3
   e - Teleport Other                 Translocation                3
   f - Passage of Golubria            Translocation                4
Comestibles
 a - a royal jelly
 f - 2 bread rations
 k - 2 chunks of flesh


   Skills:
 + Level 4.2 Fighting
 * Level 3.3 Maces & Flails
 + Level 2.5 Throwing
 - Level 2.1 Dodging
 + Level 3.4 Spellcasting
 - Level 2.6 Translocations


You had 6 spell levels left.
You knew the following spells:

 Your Spells              Type           Power        Failure   Level  Hunger
a - Shroud of Golubria    Chrm/Tloc      #.........   19%         2    ##.....
b - Blink                 Tloc           N/A          11%         2    ##.....


Dungeon Overview and Level Annotations

Branches:
Dungeon (3/15)

Altars:


Innate Abilities, Weirdness & Mutations

You are too large for most types of armour.
You have tough skin. (AC +1)


Message History

The bat barely misses you. The orc barely misses you.
You climb upwards.
There is a stone staircase leading down here.
Casting: Shroud of Golubria
Confirm with . or Enter, or press ? or * to list all spells.
Space distorts slightly along a thin shroud covering your body.
The bat hits you but does no damage.
The orc priest calls down the wrath of Beogh upon you.
Beogh smites you!
* * * LOW HITPOINT WARNING * * *
Your shroud bends the bat's attack away.
The orc priest invokes the aid of Beogh against you.
You struggle to resist.
You hit the orc priest but do no damage.
Your weapon exudes an aura of protection.
The orc priest is moderately wounded.
The bat barely misses you.
The orc priest calls down the wrath of Beogh upon you.
Beogh smites you!
You die...

###### #.#.# #....#
#.#.# #....# #.#.#
#....# #.#.#
#....###.#.#
#........#.#
############.#####.#
.........###.#####.#
..............[o@..#
..............bo####
................# ###
.#######........###
#<# .# #........'.#
#.# ## #........#.#
#.# ###........#.#
#.# #..........#.#
#.#
#..........#.######.#


You could see an orc priest, an orc and a bat.

Vanquished Creatures
  Jessica (D:2)
  Ijyb (D:2)
  3 gnolls (D:2)
  5 adders (D:2)
  An ooze (D:2)
  3 worms (D:2)
  A dart slug (D:2)
  2 orcs (D:2)
  2 giant cockroaches
  4 goblins
  4 hobgoblins
  A quokka (D:2)
  2 ball pythons (D:1)
  11 bats
  4 frilled lizards
  4 kobolds
  7 rats
56 creatures vanquished.

Notes
Turn   | Place    | Note
-------+----------+-------------------------------------------
     0 | D:1      | Knicklaso the Ogre Warper began the quest for the Orb.
     0 | D:1      | Reached XP level 1. HP: 22/22 MP: 3/3
   140 | D:1      | Reached skill level 3 in Fighting
   231 | D:1      | Reached XP level 2. HP: 31/31 MP: 5/5
   682 | D:2      | Reached XP level 3. HP: 36/37 MP: 6/6
   686 | D:2      | Learned a level 2 spell: Shroud of Golubria
   689 | D:2      | Learned a level 2 spell: Blink
   733 | D:2      | Noticed Jessica
   739 | D:2      | Killed Jessica
   739 | D:2      | Reached XP level 4. HP: 32/48 MP: 6/8
  1286 | D:2      | Reached XP level 5. HP: 54/54 MP: 6/9
  1330 | D:3      | Noticed Ijyb
  1477 | D:2      | Reached skill level 4 in Fighting
  1876 | D:2      | Paralysed by Ijyb for 2 turns
  1884 | D:2      | Killed Ijyb
  1937 | D:2      | HP: 1/54 [orc priest/divine providence (16)]
  1939 | D:2      | Killed from afar by an orc priest

Skill      XL: |  1  2  3  4  5 |
---------------+----------------+-----
Fighting       | 3 4 |  4.2
Maces & Flails | 2 3 |  3.3
Throwing       | 2 |  2.5
Spellcasting   | 3 |  3.4
Dodging        | |  2.1
Translocations | |  2.6

Action                   |  1- 3 |  4- 6 || total
-------------------------+-------+-------++-------
Melee: Mace              |    62 |   109 ||   171
Throw: Stone             |    20 |    12 ||    32
 Cast: Shroud of Golubri |       |     9 ||     9
  Use: Scroll            |       |     1 ||     1
  Eat: Chunk             |       |     3 ||     3
Armor: Robe              |    29 |    71 ||   100
Dodge: Dodged            |    38 |   106 ||   144
